 Dungeon Crawl Stone Soup version 0.28-a0-773-g130ae17fe5 (webtiles) character file.

Game seed: 17648938838788820280

1631 pokeman the Thaumaturge (level 8, 0/42 (44) HPs)
             Began as a Deep Elf Hedge Wizard on Nov 1, 2021.
             Was an Initiate of Vehumet.
             Succumbed to an orc's poison
             ... on level 6 of the Dungeon.
             The game lasted 00:14:11 (6285 turns).

pokeman the Thaumaturge (Deep Elf Hedge Wizard)     Turns: 6285, Time: 00:14:12

HP:   0/42 (44)     AC:  7    Str:  7    XL:     8   Next: 65%
MP:   20/23         EV: 12    Int: 22    God:    Vehumet [......]
Gold: 362           SH:  0    Dex: 10    Spells: 10/26 levels left

rFire   . . .      SeeInvis .   h - +2 dagger (venom)
rCold   + . .      Faith    .   (no shield)
rNeg    + . .      Spirit   .   b - +0 robe
rPois   .          Reflect  .   c - +0 hat
rElec   .          Harm     .   m - +2 cloak
rCorr   +          Rampage  .   w - +0 pair of gloves
Will    .....                   r - +0 pair of boots
Stlth   ++........              a - amulet of magic regeneration
HPRegen 0.14/turn               E - ring of positive energy
MPRegen 0.43/turn               I - ring of Utok {rC+ rCorr Dex-4 Slay+3}

@: lethally poisoned (0 -> -5), on berserk cooldown, on blink cooldown, slowed,
lightly drained, very slow
A: no striking features
a: Renounce Religion


You were on level 6 of the Dungeon.
You worshipped Vehumet.
Vehumet was noncommittal.
You visited 2 branches of the dungeon, and saw 7 of its levels.

You collected 362 gold pieces.

Inventory:

Hand Weapons
 h - a +2 dagger of venom (weapon)
 l - a +4 quarterstaff of chaos
Missiles
 f - 44 arrows
 u - a throwing net
 C - 45 bolts
Armour
 b - a +0 robe (worn)
 c - a +0 hat (worn)
 m - a +2 cloak (worn)
 r - a +0 pair of boots (worn)
 w - a +0 pair of gloves (worn)
 D - the +0 cloak "Viwumiac" {Dex+3}
   (You found it on level 6 of the Dungeon)

   Dex:       It affects your dexterity (+3).
Magical Staves
 g - a staff of earth
 s - a staff of air
Jewellery
 a - an amulet of magic regeneration (around neck)
 E - a ring of positive energy (left hand)
 I - the ring of Utok (right hand) {rC+ rCorr Dex-4 Slay+3}
   (You took it off an orc priest on level 6 of the Dungeon)

   [ring of resist corrosion]

   Dex:       It affects your dexterity (-4).
   Slay:      It affects your accuracy & damage with ranged weapons and melee
   (+3).
   rC:        It protects you from cold.
   rCorr:     It protects you from acid and corrosion.
Wands
 n - a wand of iceblast (33)
 H - a wand of flame (13)
Scrolls
 e - 8 scrolls of identify {unknown}
 k - 3 scrolls of teleportation {unknown}
 o - 2 scrolls of enchant weapon {unknown}
 q - 2 scrolls of magic mapping {unknown}
 t - a scroll of blinking {unknown}
 y - a scroll of amnesia {unknown}
 G - a scroll of torment {unknown}
Potions
 i - a potion of lignification {unknown}
 j - 3 potions of curing
 p - a potion of flight {unknown}
 v - a potion of ambrosia {unknown}
 x - 2 potions of might {unknown}
 z - a potion of heal wounds {unknown}
 A - a potion of magic {unknown}
 B - a potion of invisibility {unknown}
 F - a potion of haste {unknown}


   Skills:
 - Level 2.0 Fighting
 + Level 2.0 Armour
 - Level 3.0 Dodging
 - Level 3.1 Stealth
 * Level 9.5 Spellcasting
 + Level 7.0 Conjurations
 - Level 1.1 Summonings
 - Level 1.1 Translocations
 + Level 2.6 Fire Magic
 - Level 1.2 Air Magic
 - Level 1.2 Earth Magic
 - Level 2.0 Poison Magic
 - Level 1.1 Evocations


You had 10 spell levels left.
You knew the following spells:

 Your Spells              Type           Power      Damage    Failure   Level
a - Magic Dart            Conj           100%       1d8       1%          1
b - Mephitic Cloud        Conj/Pois/Air  25%        N/A       4%          3
c - Call Imp              Summ           15%        N/A       6%          2
d - Blink                 Tloc           30%        N/A       6%          2
e - Conjure Flame         Conj/Fire      31%        6-21      2%          3
f - Fireball              Conj/Fire      15%        3d8       24%         5

Your spell library contained the following spells:

 Spells                   Type           Power      Damage    Failure   Level
 Summon Small Mammal      Summ           60%        N/A       4%          1
 Slow                     Hex            40%        N/A       6%          1
 Call Canine Familiar     Summ           15%        N/A       12%         3
 Summon Guardian Golem    Hex/Summ       12%        N/A       16%         3
 Starburst                Conj/Fire      15%        6d6       80%         6
 Ignition                 Fire           11%        3d5       100%        8


Dungeon Overview and Level Annotations

Branches:
Dungeon (6/15)             Temple (1/1) D:6

Altars:
Cheibriados
Elyvilon
Fedhas
Gozag
Hepliaklqana
Kikubaaqudgha
Makhleb
Nemelex Xobeh
Okawaru
Qazlal
Ru
Vehumet
Yredelemnul
Zin
The Shining One

Annotations:
D:6 4 runed translucent doors


Message History

Unknown command.
Unknown command.
* * * LOW HITPOINT WARNING * * *
You feel sick.
You feel better.
You feel stable enough to blink again.
The orc is engulfed in noxious fumes.
The orc appears confused.
You kill the orc!
Vehumet accepts your kill.
The necrophage hits you but does no damage.
The orc hits you with a +2 dagger of venom.
* * * LOW HITPOINT WARNING * * *
You are lethally poisoned!
The orc priest is engulfed in noxious fumes.
The orc priest appears confused.
Casting: Mephitic Cloud (dangerous; 4% risk of failure)
Confirm with . or Enter, or press ? or * to list all spells.
You blink.
* * * LOW HITPOINT WARNING * * *
You feel very sick.
Unknown command.
It was a potion of berserk rage.
A red film seems to cover your vision as you go berserk!
You feel yourself moving faster!
You feel mighty!
* * * LOW HITPOINT WARNING * * *
You feel very sick.
You are too berserk!
Found 15 arrows.
You feel a strong urge to attack something.
* * * LOW HITPOINT WARNING * * *
You feel sick.
* * * LOW HITPOINT WARNING * * *
You feel sick.
You feel your anger nearly subside.
* * * LOW HITPOINT WARNING * * *
You feel sick.
You are no longer berserk.
You are exhausted.
You feel yourself slow down.
You die...

........###..........######).....
.............#........<..........
.............#........###........
.............#####...............
...............###....##.........
............................##.##
...........o..........###...##..#
รท..........)..........#
#...###.. ..#.............@.....#
#)..# .. ..#........##.........#
#...# ..
.###.......on...............[ ..
.###................(... ....#
.#......................
..........###.........##
..........# ..........#
..........#...........#
.#........#...........#


You could see a necrophage, an orc priest (confused) and an orc.

Vanquished Creatures
  A centaur zombie (D:5)
  Grinder (D:3)
  A wyvern (D:6)
  A black bear (D:5)
  An ogre (D:5)
  A scorpion (D:5)
  A howler monkey (D:5)
  A bullfrog skeleton (D:6)
  2 centaur skeletons
  Crazy Yiuf (D:2)
  7 orc priests
  A hound (D:6)
  2 iguanas (D:6)
  4 orc wizards
  A hound skeleton (D:5)
  3 gnolls (D:4)
  A howler monkey skeleton (D:6)
  4 adders
  A shadow imp (D:6)
  A white imp (D:5)
  An adder zombie (D:5)
  4 dart slugs
  16 orcs
  3 endoplasms
  3 giant cockroaches
  5 goblins
  3 hobgoblins
  3 jackals (D:2)
  11 kobolds
  2 quokkas
  2 ball pythons
  5 bats
  4 frilled lizards
  6 rats
104 creatures vanquished.

Vanquished Creatures (others)
  4 fungi (D:2)
4 creatures vanquished.

Grand Total: 108 creatures vanquished

Notes
Turn   | Place    | Note
-------+----------+-------------------------------------------
     0 | D:1      | pokeman the Deep Elf Hedge Wizard began the quest for the
                  | Orb.
     0 | D:1      | Reached XP level 1. HP: 10/10 MP: 7/7
    20 | D:1      | Found a faded altar of an unknown god.
   385 | D:1      | Reached XP level 2. HP: 15/15 MP: 2/9
  1022 | D:2      | Reached skill level 5 in Spellcasting
  1046 | D:2      | Reached XP level 3. HP: 13/20 MP: 11/11
  1058 | D:2      | Learned a level 3 spell: Mephitic Cloud
  1063 | D:2      | Learned a level 2 spell: Call Imp
  1066 | D:2      | Learned a level 2 spell: Blink
  1070 | D:2      | Learned a level 3 spell: Conjure Flame
  1289 | D:2      | You fall into a shaft and drop 2 floors!
  1322 | D:4      | HP: 1/20 [orc (2)]
  1661 | D:4      | Reached skill level 1 in Fighting
  1661 | D:4      | Reached skill level 1 in Armour
  1851 | D:2      | Reached XP level 4. HP: 25/25 MP: 10/13
  2025 | D:2      | Found a runed translucent door.
  2026 | D:2      | Noticed Crazy Yiuf
  2043 | D:2      | Killed Crazy Yiuf
  2260 | D:3      | Noticed Grinder
  2295 | D:3      | Paralysed by Grinder for 3 turns
  2300 | D:3      | Killed Grinder
  2301 | D:3      | Reached skill level 5 in Conjurations
  2301 | D:3      | Reached XP level 5. HP: 16/29 MP: 1/15
  2301 | D:3      | Reached XP level 6. HP: 19/34 MP: 1/16
  2525 | D:3      | You fall into a shaft and drop 1 floor!
  3010 | D:3      | Reached skill level 6 in Spellcasting
  3010 | D:3      | Reached skill level 1 in Fire Magic
  4155 | D:5      | Entered Level 5 of the Dungeon
  4292 | D:5      | Found a sparkling altar of Nemelex Xobeh.
  4302 | D:5      | Reached skill level 1 in Air Magic
  4302 | D:5      | Reached XP level 7. HP: 38/38 MP: 17/19
  4500 | D:5      | Reached skill level 7 in Spellcasting
  4695 | D:5      | Reached skill level 1 in Earth Magic
  4695 | D:5      | Reached skill level 1 in Evocations
  4868 | D:5      | Reached skill level 8 in Spellcasting
  4868 | D:5      | Reached skill level 1 in Poison Magic
  4868 | D:5      | Reached XP level 8. HP: 28/44 MP: 18/22
  5072 | D:6      | Identified the +0 cloak "Viwumiac" {Dex+3}
  5149 | D:6      | Learned a level 5 spell: Fireball
  5170 | D:6      | Found a large runed translucent door.
  5170 | D:6      | Found a large runed translucent door.
  5173 | D:6      | Found a large runed translucent door.
  5173 | D:6      | Found a large runed translucent door.
  5694 | D:6      | Reached skill level 9 in Spellcasting
  5737 | D:6      | Identified the ring of Utok {rC+ rCorr Dex-4 Slay+3}
  5920 | D:6      | Found a staircase to the Ecumenical Temple.
  5929 | Temple   | Entered the Ecumenical Temple
  5938 | Temple   | Became a worshipper of Vehumet
  6278 | D:6      | HP: 2/42 [poisoned by an orc]
  6283 | D:6      | HP: 2/63 [poisoned by an orc]
  6285 | D:6      | Succumbed to an orc's poison

Illustrated notes

Levels and vault maps discovered:
D:1:      lightli_arrival_boilingwater, layout_basic, basic_ecumenical_altar,
          serial_bayou_pond_a
D:2:      layout_rooms, uniq_crazy_yiuf_cottage
D:3:      layout_basic, guppyfry_early_lair_pool, uniq_grinder
D:4:      layout_rooms, minmay_goblin_kobold_house
D:5:      layout_basic, lemuel_round_altar, minivault_1
D:6:      layout_basic, minmay_temple_entry_trees, minmay_hollow_rounded_squares
Temple:   grunt_wide_crystal_templ

Skill      XL: |  1  2  3  4  5  6  7  8 |
---------------+-------------------------+-----
Spellcasting   | 5 6 8 9 |  9.5
Fighting       | 1 2 |  2.0
Armour         | 1 2 |  2.0
Conjurations   | 2 5 6 7 |  7.0
Fire Magic     | 1 2 |  2.6
Dodging        | 3 |  3.0
Stealth        | 3 |  3.1
Air Magic      | 1 |  1.2
Earth Magic    | 1 |  1.2
Evocations     | 1 |  1.1
Poison Magic   | 1 2 |  2.0
Summonings     | |  1.1
Translocations | |  1.1

Action                   |  1- 3 |  4- 6 |  7- 9 || total
-------------------------+-------+-------+-------++-------
Melee: Dagger            |    26 |    22 |    57 ||   105
 Cast: Magic Dart        |    62 |    79 |    80 ||   221
       Conjure Flame     |     1 |     3 |     6 ||    10
       Call Imp          |       |     3 |       ||     3
       Mephitic Cloud    |       |     7 |    18 ||    25
       Blink             |       |     1 |     4 ||     5
  Use: Potion            |       |       |     2 ||     2
 Stab: Confused          |       |     2 |     3 ||     5
       Sleeping          |       |     1 |       ||     1
Armor: Robe              |     2 |       |    28 ||    30
Dodge: Dodged            |    24 |    15 |    57 ||    96

Table legend: (Time is in decaauts)
 A = Elapsed time spent in this place.
 B = Non-inter-level travel time spent in this place.
 C = Inter-level travel time spent in this place.
 D = Time resting spent in this place.
 E = Time spent auto-exploring this place.
 F = Levels seen in this place.
 G = Mean time per level.
                   A        B        C        D        E       F      G
               +--------+--------+--------+--------+--------+-----+--------+
         Total |   6291 |   6086 |    205 |    678 |   4472 |   7 |  898.7 |
       Dungeon |   6109 |   5912 |    197 |    533 |   4472 |   6 | 1018.2 |
        Temple |    182 |    174 |      8 |    145 |      0 |   1 |  182.0 |
               +--------+--------+--------+--------+--------+-----+--------+

Top non-repeatable levels by time:
     D:3: 1614 daAuts
     D:6: 1080 daAuts
     D:1: 993 daAuts
     D:4: 875 daAuts
     D:5: 828 daAuts
     D:2: 717 daAuts
  Temple: 182 daAuts
